 Dungeon Crawl Stone Soup version 0.28-a0-821-g923ab73998 (webtiles) character file.

Game seed: 6712307397367212074

9 Essalna the Firebug (level 2, -1/19 HPs)
             Began as a Demonspawn Fire Elementalist on Nov 9, 2021.
             Slain by a hobgoblin (5 damage)
             ... on level 1 of the Dungeon.
             The game lasted 00:00:56 (507 turns).

Essalna the Firebug (Demonspawn Fire Elementalist)   Turns: 507, Time: 00:00:57

Health: -1/19      AC:  2    Str:  8    XL:     2   Next: 6%
Magic:  5/5        EV: 12    Int: 16    God:
Gold:   0          SH:  0    Dex: 13    Spells: 4/5 levels left

rFire   . . .      SeeInvis .   b - +0 short sword
rCold   . . .      Faith    .   (no shield)
rNeg    . . .      Spirit   .   a - +0 robe
rPois   .          Reflect  .   (no helmet)
rElec   .          Harm     .   (no cloak)
rCorr   .          Rampage  .   (no gloves)
Will    .....                   (no boots)
Stlth   ++........              (no amulet)
HPRegen 0.06/turn               (no ring)
MPRegen 0.09/turn               (no ring)

@: no status effects
A: weakness stinger 1
a: no special abilities


You were on level 1 of the Dungeon.
You visited 1 branch of the dungeon, and saw 1 of its levels.

Inventory:

Hand Weapons
 b - a +0 short sword (weapon)
Armour
 a - a +0 robe (worn)
Scrolls
 c - a scroll of amnesia {unknown}


   Skills:
 - Level 1.7 Dodging
 - Level 1.7 Stealth
 + Level 2.2 Spellcasting
 + Level 1.4 Conjurations
 + Level 2.9 Fire Magic


You had 4 spell levels left.
You knew the following spells:

 Your Spells              Type           Power      Damage    Failure   Level
a - Foxfire               Conj/Fire      32%        2x1d5     9%          1

Your spell library contained the following spells:

 Spells                   Type           Power      Damage    Failure   Level
 Scorch                   Fire           22%        2d6       10%         2
 Conjure Flame            Conj/Fire      8%         6-21      26%         3
 Inner Flame              Hex/Fire       6%         N/A       32%         3
 Flame Wave               Conj/Fire      8%         3d4       63%         4


Dungeon Overview and Level Annotations

Branches:
Dungeon (1/15)

Altars:


Innate Abilities, Weirdness & Mutations

You have a small tail.


Message History

The foxfire hits the hobgoblin.
You kill the hobgoblin!
You have reached level 2!
Your demonic ancestry asserts itself...
You grow a small tail.
Unknown command.
The foxfire hits the kobold.
You kill the kobold!
A hobgoblin comes into view.
The hobgoblin shouts!
The hobgoblin closely misses you. The hobgoblin barely misses you.
The hobgoblin closely misses you. The hobgoblin completely misses you.
The hobgoblin misses you. The hobgoblin closely misses you.
The hobgoblin hits you. The hobgoblin barely misses you.
The hobgoblin closely misses you. The hobgoblin hits you.
The hobgoblin misses you. The hobgoblin hits you.
The hobgoblin closely misses you. The hobgoblin closely misses you.
The hobgoblin closely misses you. The hobgoblin hits you.
The hobgoblin closely misses you. The hobgoblin misses you.
The hobgoblin closely misses you. The hobgoblin misses you.
The hobgoblin misses you. The hobgoblin closely misses you.
The hobgoblin barely misses you. The hobgoblin closely misses you.
The hobgoblin misses you. The hobgoblin barely misses you.
The hobgoblin hits you.
* * * LOW HITPOINT WARNING * * *
The hobgoblin hits you.
You die...

###.#####.#.#.#.#
#.#.......#...#.#
#.#.###########.#
#...#.......P.#.#
#.###.#########.#
#.....#.........#
#######.#########
##.# #@.# #g##
#.# #.#######
#.......##
###.##......
###......##.##
#.# #......####.#
... #.#.#.......#
##..


You could see a hobgoblin.

Vanquished Creatures
  2 endoplasms (D:1)
  A giant cockroach (D:1)
  A hobgoblin (D:1)
  A frilled lizard (D:1)
  2 kobolds (D:1)
  3 rats (D:1)
10 creatures vanquished.

Vanquished Creatures (others)
  31 foxfires (D:1)
31 creatures vanquished.

Grand Total: 41 creatures vanquished

Notes
Turn   | Place    | Note
-------+----------+-------------------------------------------
     0 | D:1      | Essalna the Demonspawn Fire Elementalist began the quest
                  | for the Orb.
     0 | D:1      | Reached XP level 1. HP: 13/13 MP: 3/3
   345 | D:1      | Found a faded altar of an unknown god.
   392 | D:1      | Gained mutation: You have a small tail. [demonic ancestry]
   392 | D:1      | Reached XP level 2. HP: 19/19 MP: 0/5
   507 | D:1      | Slain by a hobgoblin

Illustrated notes

Levels and vault maps discovered:
D:1:      onia_arrival_mini_maze, layout_loops_cross, basic_ecumenical_altar,
          item_on_display_a

Action                   || total
-------------------------++-------
 Cast: Foxfire           ||    16
Dodge: Dodged            ||    22

Table legend: (Time is in decaauts)
 A = Elapsed time spent in this place.
 B = Non-inter-level travel time spent in this place.
 C = Inter-level travel time spent in this place.
 D = Time resting spent in this place.
 E = Time spent auto-exploring this place.
 F = Levels seen in this place.
 G = Mean time per level.
                   A        B        C        D        E       F      G
               +--------+--------+--------+--------+--------+-----+--------+
         Total |    506 |    430 |     76 |      0 |    338 |   1 |  506.0 |
       Dungeon |    506 |    430 |     76 |      0 |    338 |   1 |  506.0 |
               +--------+--------+--------+--------+--------+-----+--------+

Top non-repeatable levels by time:
     D:1: 506 daAuts
